Map: Tokamak LE

Players

kapluenkk

  • Race: Zerg Zerg
  • League: Diamond
  • Spawn Location: 7:00

LigerMaNN - Winner!

  • Race: Zerg Zerg
  • League: Diamond
  • Spawn Location: 1:00

VOD

Have the link to the VOD?

Description

Time

  • Played on: June 28, 2025, 1:55 p.m.
  • Length: 5:36
Show
View Real Time Build Order
Export as new Build Order

kapluenkk Zerg 

Build Orders: Hatch First, Zergling Baneling 

Get SALT Encoding   

  12  0:00  Drone  
  13  0:13  Overlord  
  13  0:16  Drone  
  14  0:32  Drone x2  
  16  0:35  Drone  
  17  0:52  Hatchery  
  17  0:55  Drone  
  17  0:58  Drone  
  18  1:13  Extractor  
  18  1:14  Spawning Pool  
  18  1:16  Drone  
  17  1:20  Drone  
  18  1:29  Drone  
  19  1:40  Drone  
  20  1:50  Overlord  
  20  2:04  Queen  
  20  2:05  Queen  
  20  2:06  Zergling x4  
  26  2:15  Metabolic Boost  
  26  2:17  Zergling x2  
  26  2:18  Zergling x2  
  28  2:24  Zergling x2  
  28  2:27  Zergling x2  
  30  2:33  Overlord  
  30  2:38  Baneling Nest  
  30  2:42  Zergling x2  
  30  2:44  Zergling x2  
  31  2:57  Zergling x4  
  32  3:27  Baneling x5  
  32  3:28  Zergling x14  
  32  3:29  Zergling x2  
  38  3:42  Zergling x6  
  37  4:12  Baneling x3  
  32  4:36  Zergling x12  
  29  4:57  Evolution Chamber  
  29  4:59  Evolution Chamber  
  24  5:08  Roach Warren  
Show
View Real Time Build Order
Export as new Build Order

LigerMaNN Zerg - Winner!

Build Orders: Hatch First 

Get SALT Encoding   

  12  0:02  Drone  
  13  0:13  Overlord  
  13  0:17  Drone  
  14  0:32  Drone  
  14  0:33  Drone  
  16  0:48  Hatchery  
  15  0:51  Drone  
  15  0:55  Drone  
  17  0:58  Drone  
  18  1:10  Extractor  
  17  1:15  Spawning Pool  
  17  1:18  Drone  
  17  1:21  Drone  
  18  1:28  Drone  
  19  1:39  Overlord  
  19  2:02  Queen x2  
  19  2:03  Zergling x4  
  19  2:05  Zergling x2  
  26  2:12  Metabolic Boost  
  26  2:15  Drone  
  27  2:18  Drone  
  28  2:33  Drone x3  
  31  2:41  Baneling Nest  
  30  2:47  Drone  
  31  2:56  Hatchery  
  30  3:07  Drone x4  
  30  3:09  Drone  
  34  3:20  Zergling x2  
  34  3:39  Zergling x4  
  35  3:50  Zergling x2  
  25  4:14  Hatchery  
  25  4:16  Zergling x24  
  19  4:38  Zergling x6  
  18  4:45  Drone  
  17  4:49  Drone x2  
  14  5:11  Drone  
  14  5:12  Drone x3  
  17  5:17  Baneling x3  
  17  5:18  Baneling  
Tags
 
Matchup
ZvZ
Race
Zerg
Replay Pack
June 2025
Spawn Locations
Cross Positions
Add a new tag
Caveats
  • Supply blocks, unpowered buildings, or Contaminate may cause inaccurate times.
  • Supply counts are checked every 10 seconds.